 Dungeon Crawl Stone Soup version 0.28-a0-1629-gf728b707aa (webtiles) character file.

Game seed: 10394558311764257007

64 HallandMoats the Skirmisher (level 4, -2/38 HPs)
             Began as a Ghoul Fighter on Jan 25, 2022.
             Was a Follower of Cheibriados.
             Slain by a gnoll (4 damage)
             ... on level 2 of the Dungeon.
             The game lasted 00:01:37 (1323 turns).

HallandMoats the Skirmisher (Ghoul Fighter)         Turns: 1323, Time: 00:01:38

Health: -2/38      AC:  7    Str: 24    XL:     4   Next: 12%
Magic:  0/4        EV:  8    Int:  6    God:    Cheibriados [*.....]
Gold:   59         SH:  8    Dex: 11    Spells: 3/3 levels left

rFire   . . .      SeeInvis .   a - +0 flail
rCold   + . .      Faith    .   i - +0 kite shield
rNeg    + + +      Spirit   .   b - +0 scale mail
rPois   ∞          Reflect  .   f - +0 helmet
rElec   .          Harm     .   (no cloak)
rCorr   .          Rampage  .   (no gloves)
Will    +....                   (no boots)
Stlth   ..........              (no amulet)
HPRegen 0.00/turn               h - ring of willpower
MPRegen 0.09/turn               (no ring)

@: attractive, inhibited regen, very slow
A: claws 1, cold resistance 1, negative energy resistance 3, inhibited
regeneration, torment resistance 2
a: Renounce Religion, Bend Time


You were on level 2 of the Dungeon.
You worshipped Cheibriados.
Cheibriados was aware of your devotion.
You visited 1 branch of the dungeon, and saw 2 of its levels.

You collected 59 gold pieces.

Inventory:

Hand Weapons
 a - a +0 flail (weapon)
Armour
 b - a +0 scale mail (worn)
 f - a +0 helmet (worn)
 i - a +0 kite shield (worn)
Jewellery
 h - a ring of willpower (left claw)
Scrolls
 c - a scroll of holy word {unknown}
 j - a scroll of blinking {unknown}
 k - a scroll of brand weapon {unknown}
Potions
 d - a potion of might
 e - a potion of attraction
 g - 2 potions of heal wounds {unknown}


   Skills:
 + Level 3.5 Fighting
 * Level 2.4 Maces & Flails
 + Level 2.9 Armour
 + Level 0.8 Dodging
 + Level 3.0 Shields
 * Level 1.9 Invocations


You had 3 spell levels left.
You didn't know any spells.
Your spell library was empty.

Dungeon Overview and Level Annotations

Branches:
Dungeon (2/15)

Altars:
Cheibriados


Innate Abilities, Weirdness & Mutations

You thrive by killing the living.
You are immune to poison.
You have sharp fingernails.
Your flesh is cold resistant. (rC+)
You are immune to negative energy. (rN+++)
You do not regenerate when monsters are visible.
You are immune to unholy pain and torment.


Message History

You block the bat's attack. The gnoll hits you with a +0 whip.
You block the bat's attack. The bat hits you.
* * * LOW HITPOINT WARNING * * *
You block the bat's attack. You block the bat's attack.
You block the gnoll's attack. x2
The bat hits you but does no damage. x2
The bat closely misses you. The gnoll hits you with a +0 whip.
* * * LOW HITPOINT WARNING * * *
You block the bat's attack. The bat hits you but does no damage.
The bat hits you but does no damage. The gnoll closely misses you.
The gnoll hits you with a +0 whip.
* * * LOW HITPOINT WARNING * * *
You block the bat's attack. The flow of time bends around you.
Cheibriados rebukes the gnoll.
The gnoll seems to slow down.
You block the gnoll's attack.
Unknown command.
You hit the gnoll.
The gnoll is moderately wounded.
You block the gnoll's attack.
You closely miss the gnoll.
The gnoll is moderately wounded.
You block the gnoll's attack.
You barely miss the gnoll.
The gnoll is moderately wounded.
You block the gnoll's attack.
You closely miss the gnoll.
The gnoll is lightly wounded.
The gnoll hits you but does no damage.
You sock the gnoll!
You kill the gnoll!
You feel better. The bat hits you but does no damage.
The gnoll hits you with a +0 whip.
* * * LOW HITPOINT WARNING * * *
You have reached level 4!
It was a potion of attraction.
You feel attractive to monsters. The gnoll hits you with a +0 whip.
You die...

. ....# ...#
###########..###
.......<.......###
..................
#####..........#
...##..........#####
##...)........bg@..#
####..........###.#
#..........# #
#..........#
#..........#
############


You could see a gnoll and a bat.

Vanquished Creatures
  3 gnolls (D:2)
  4 dart slugs
  7 endoplasms
  A giant cockroach (D:1)
  4 goblins (D:1)
  4 jackals (D:2)
  A ball python (D:1)
  A frilled lizard (D:1)
  3 rats
28 creatures vanquished.

Notes
Turn   | Place    | Note
-------+----------+-------------------------------------------
     0 | D:1      | HallandMoats the Ghoul Fighter began the quest for the Orb.
     0 | D:1      | Reached XP level 1. HP: 19/19 MP: 0/0
    93 | D:1      | Reached XP level 2. HP: 22/26 MP: 1/1
   208 | D:1      | Reached skill level 1 in Invocations
   228 | D:1      | Found a faded altar of an unknown god.
   250 | D:1      | Prayed at the altar of an unknown god.
   250 | D:1      | Became a worshipper of Cheibriados the Contemplative
   250 | D:1      | Reached * piety under Cheibriados
   671 | D:1      | Reached XP level 3. HP: 31/31 MP: 2/2
  1322 | D:2      | HP: 1/31 [gnoll (3)]
  1323 | D:2      | Reached XP level 4. HP: 2/38 MP: 0/4
  1323 | D:2      | Slain by a gnoll

Illustrated notes

Levels and vault maps discovered:
D:1:      zaba_arrival_water, layout_loops_ring,
          shapermc_ecumenical_altar_totnotflames, minmay_pentomino_o2
D:2:      layout_rooms, serial_shops, nicolae_shop_stone

Skill      XL: |  1  2  3 |
---------------+----------+-----
Maces & Flails | 2 |  2.4
Invocations    | 1 |  1.9
Shields        | 3 |  3.0
Fighting       | |  3.5
Armour         | |  2.9
Dodging        | |  0.8

Action                   |  1- 3 |  4- 6 || total
-------------------------+-------+-------++-------
Melee: Flail             |    82 |       ||    82
Invok: Bend Time         |     1 |       ||     1
  Use: Potion            |       |     1 ||     1
Armor: Scale mail        |    56 |       ||    56
Dodge: Dodged            |    43 |       ||    43
Block: Buckler           |     1 |       ||     1
       Kite shield       |    45 |       ||    45

Table legend: (Time is in decaauts)
 A = Elapsed time spent in this place.
 B = Non-inter-level travel time spent in this place.
 C = Inter-level travel time spent in this place.
 D = Time resting spent in this place.
 E = Time spent auto-exploring this place.
 F = Levels seen in this place.
 G = Mean time per level.
                   A        B        C        D        E       F      G
               +--------+--------+--------+--------+--------+-----+--------+
         Total |   1611 |   1491 |    120 |      0 |   1232 |   2 |  805.5 |
       Dungeon |   1611 |   1491 |    120 |      0 |   1232 |   2 |  805.5 |
               +--------+--------+--------+--------+--------+-----+--------+

Top non-repeatable levels by time:
     D:1: 1235 daAuts
     D:2: 376 daAuts
